 Dungeon Crawl Stone Soup version 0.29-a0-732-g3d7fbe0af2 (webtiles) character file.

Game seed: 15780595816262878474

14 zeratav the Trooper (level 2, 16/16 HPs)
             Began as a Vine Stalker Fighter on June 29, 2022.
             Quit the game on level 1 of the Dungeon.
             The game lasted 00:00:28 (332 turns).

zeratav the Trooper (Vine Stalker Fighter)           Turns: 332, Time: 00:00:28

Health: 16/16      AC:  6    Str: 18    XL:     2   Next: 45%
Magic:  3/3        EV:  9    Int:  8    God:
Gold:   17         SH:  4    Dex: 13    Spells: 1/1 levels left

rFire   . . .      SeeInvis .   a - +0 rapier {short}
rCold   . . .      Faith    .   c - +0 buckler
rNeg    . . .      Spirit   +   b - +0 scale mail
rPois   .          Reflect  .   (no helmet)
rElec   .          Harm     .   (no cloak)
rCorr   .          Rampage  .   (no gloves)
Will    .....                   (no boots)
Stlth   ..........              (no amulet)
HPRegen 0.05/turn               (no ring)
MPRegen 0.08/turn               (no ring)

@: no status effects
A: fangs 2, magic shield, antimagic bite, no potion heal 2
a: no special abilities


You were on level 1 of the Dungeon.
You visited 1 branch of the dungeon, and saw 1 of its levels.

You collected 17 gold pieces.


Innate Abilities, Weirdness & Mutations

You have extremely sharp teeth.
When hurt, damage is shared between your health and your magic reserves.
Your bite disrupts and absorbs the magic of your enemies.
Potions cannot restore your health.


   Skills:
 + Level 3.1 Fighting
 + Level 2.3 Short Blades
 - Level 2.4 Armour
 - Level 2.6 Shields


You had one spell level left.
You didn't know any spells.
Your spell library contained the following spells:

 Spells                   Type           Power      Damage    Failure   Level
 Foxfire                  Conj/Fire      0%         2x1d4     88%         1

Inventory:

Hand Weapons
 a - a +0 rapier (weapon) {short}
Armour
 b - a +0 scale mail (worn)
 c - a +0 buckler (worn)
Jewellery
 e - a ring of protection from fire
   (You found it on level 1 of the Dungeon)
Scrolls
 f - a scroll of silence {unknown}
Potions
 d - a potion of might
 g - a potion of cancellation {unknown}

Dungeon Overview and Level Annotations

Branches:
Dungeon (1/15) Zot: 5664

Altars:

.(............. ....#
#.......# ....
....###....... ...
............## ..#
.†...........### ..#
......#......... ..
#.#..........####.#
....##...)........#####.
..####..........@...b...
...####^.........######.
##..# #.###......#
.#..###..##......#
.#...###.....#####
......####.#.## ..##..#
#.#..# .#....####....#
#P##^.........#


You could see a bat.


Message History

You kill the endoplasm!
No target in view!
No target in view!
No target in view!
No target in view!
No target in view!
No target in view!
No target in view!
No target in view!
No target in view!
No target in view!
No target in view!
No target in view!
No target in view!
No target in view!
No target in view!
No target in view!
A rat comes into view.
HP[+3] MP[+1]
Your hp is fully restored (16).
Your mp is fully restored (3).
A rat is nearby!
A rat is nearby!
A rat is nearby!
Found Plato's Disquisition on Flames.
Found a faded altar of an unknown god.
The rat closely misses you.
You puncture the rat!
You kill the rat!
No target in view!
No target in view!
No target in view!
No target in view!
No target in view!
No target in view!
No target in view!
No target in view!
No target in view!
No target in view!
No target in view!
No target in view!
No target in view!
No target in view!
No target in view!
No target in view!
No target in view!
No target in view!
No target in view!
No target in view!
No target in view!
You pick up Plato's Disquisition on Flames and begin reading...
You add the spell Foxfire to your library.
There is a faded altar of an unknown god here.
Unknown command.
Press < or > to pray at altars.
A hobgoblin comes into view.
A hobgoblin is nearby!
You closely miss the hobgoblin. The hobgoblin misses you.
You hit the hobgoblin. You bite the hobgoblin.
You kill the hobgoblin!
No target in view!
No target in view!
No target in view!
No target in view!
No target in view!
No target in view!
No target in view!
No target in view!
No target in view!
No target in view!
No target in view!
No target in view!
Found a stone staircase leading down.
A ball python comes into view.
The ball python hisses angrily.
A ball python is nearby!
You barely miss the ball python. You bite the ball python. You drain its power.
The ball python barely misses you. The ball python grabs you.
The ball python constricts you.
You hit the ball python.
You kill the ball python!
No target in view!
No target in view!
No target in view!
No target in view!
No target in view!
No target in view!
No target in view!
No target in view!
No target in view!
No target in view!
No target in view!
No target in view!
No target in view!
No target in view!
No target in view!
No target in view!
No target in view!
g - a fizzy silvery potion A bat comes into view.
A bat is nearby!
Are you sure you want to abandon this character and quit the game? (Confirm with "yes".)

Skill      XL: |  1  2 |
---------------+-------+-----
Short Blades   | 2 |  2.3
Fighting       | 3 |  3.1
Armour         | |  2.4
Shields        | |  2.6

Action                   || total
-------------------------++-------
Melee: Rapier            ||    26
       Bite              ||     8
Armor: Scale mail        ||    14
Dodge: Dodged            ||    10
Block: Buckler           ||     3

Levels and vault maps discovered:
D:1:      minmay_arrival_checkered_box, layout_rooms,
          shapermc_ecumenical_altar_rom_forum

Notes
Turn   | Place    | Note
-------+----------+-------------------------------------------
     0 | D:1      | zeratav the Vine Stalker Fighter began the quest for the
                  | Orb.
     0 | D:1      | Reached XP level 1. HP: 11/11 MP: 2/2
     0 | D:1      | magus.rc [v1.9.6]
    31 | D:1      | Reached skill level 2 in Short Blades
   144 | D:1      | Reached XP level 2. HP: 13/16 MP: 1/3
   146 | D:1      | Reached skill level 3 in Fighting
   255 | D:1      | Found a faded altar of an unknown god.
   264 | D:1      | Got Plato's Disquisition on Flames
   332 | D:1      | Quit the game

Vanquished Creatures
  A dart slug (D:1)
  2 ball pythons (D:1)
  2 endoplasms (D:1)
  2 hobgoblins (D:1)
  A quokka (D:1)
  A bat (D:1)
  A frilled lizard (D:1)
  A kobold (D:1)
  A rat (D:1)
12 creatures vanquished.

Table legend:
 A = Non-vault XP
 B = Vault XP
 C = Vault XP percentage of total XP
 D = Non-vault monster count
 E = Vault monster count
 F = Vault count percentage of total count
                 A         B        C        D         E       F
            +---------+---------+-------+---------+---------+-------
      Total |      21 |       0 |   0.0 |      12 |       0 |   0.0
            +---------+---------+-------+---------+---------+-------
        D:1 |      21 |       0 |   0.0 |      12 |       0 |   0.0
            +---------+---------+-------+---------+---------+-------

Illustrated notes

Table legend:
 A = Kills in this place as a percentage of kills in entire the game.
 B = Kills by you in this place as a percentage of kills by you in the entire game.
 C = Kills by friends in this place as a percentage of kills by friends in the entire game.
 D = Other kills in this place as a percentage of other kills in the entire game.
 E = Experience gained in this place as a percentage of experience gained in the entire game.
 F = Experience gained in this place divided by the number of levels of this place that you have seen.
                   A       B       C       D       E      F
               +-------+-------+-------+-------+-------+----------------------
         Total | 100.0 | 100.0 |   N/A |   N/A | 100.0 |  21.0
       Dungeon | 100.0 | 100.0 |   N/A |   N/A | 100.0 |  21.0
               +-------+-------+-------+-------+-------+----------------------

Table legend: (Time is in decaauts)
 A = Elapsed time spent in this place.
 B = Non-inter-level travel time spent in this place.
 C = Inter-level travel time spent in this place.
 D = Time resting spent in this place.
 E = Time spent auto-exploring this place.
 F = Levels seen in this place.
 G = Mean time per level.
                   A        B        C        D        E       F      G
               +--------+--------+--------+--------+--------+-----+--------+
         Total |    335 |    335 |      0 |      0 |    278 |   1 |  335.0 |
       Dungeon |    335 |    335 |      0 |      0 |    278 |   1 |  335.0 |
               +--------+--------+--------+--------+--------+-----+--------+

Top non-repeatable levels by time:
     D:1: 335 daAuts
